 Dungeon Crawl Stone Soup version 0.24-a0-117-g53b5160 (webtiles) character file.

Game seed: 16874405147146209100

231 galech the Chopper (level 5, 25/42 HPs)
             Began as a Demonspawn Fighter on Feb 18, 2019.
             Quit the game on level 3 of the Dungeon.
             The game lasted 00:03:11 (1802 turns).

galech the Chopper (Demonspawn Fighter)             Turns: 1802, Time: 00:03:12

Health: 25/42      AC: 12    Str: 16    XL:     5   Next: 73%
Magic:  5/5        EV:  4    Int: 10    God:
Gold:   108        SH:  9    Dex: 13    Spells: 4/4 levels left

rFire    . . .     SeeInvis .   a - +1 war axe
rCold    . . .     Gourm    .   c - +0 shield
rNeg     . . .     Faith    .   e - +0 chain mail
rPois    .         Spirit   .   o - +0 helmet
rElec    .         Reflect  .   (no cloak)
rCorr    .         Harm     .   (no gloves)
MR       .....                  (no boots)
Stlth    ..........             (no amulet)
HPRegen  0.14/turn              (no ring)
MPRegen  0.09/turn              (no ring)

@: no status effects
A: talons 1, iridescent scales 1, demonic guardian 1
a: no special abilities


You were on level 3 of the Dungeon.
You were not hungry.

You visited 1 branch of the dungeon, and saw 3 of its levels.

You collected 108 gold pieces.

Inventory:

Hand Weapons
 a - a +1 war axe (weapon)
Armour
 b - a +0 scale mail
 c - a +0 shield (worn)
 e - a +0 chain mail (worn)
 o - a +0 helmet (worn)
Scrolls
 j - a scroll of random uselessness
 k - 4 scrolls of amnesia
 m - 2 scrolls of enchant weapon
 n - 2 scrolls of teleportation
 p - a scroll of enchant armour {unknown}
 q - a scroll of identify
Potions
 d - a potion of might
 g - 2 potions of invisibility {unknown}
 h - 2 potions of curing
 i - a potion of brilliance
 l - a potion of haste {unknown}
 s - a potion of heal wounds {unknown}
 t - a potion of degeneration {unknown}
Comestibles
 f - 4 rations
 r - 5 chunks of flesh


   Skills:
 + Level 3.7 Fighting
 + Level 3.7 Axes
 + Level 3.4 Armour
 + Level 0.5 Dodging
 + Level 3.7 Shields


You had 4 spell levels left.
You didn't know any spells.
Your spell library was empty.

Dungeon Overview and Level Annotations

Branches:
Dungeon (3/15)

Altars:

Annotations:
D:2 1 runed translucent door, Crazy Yiuf


Innate Abilities, Weirdness & Mutations

You have sharp toenails.
You are partially covered in iridescent scales. (AC +2)
A weak demonic guardian rushes to your aid.


Message History

The kobold throws a stone.
The stone hits you but does no damage.
You see here a stone.
You closely miss the kobold. The kobold hits you but does no damage.
You closely miss the kobold. You block the kobold's attack.
The kobold hits you but does no damage.
You slash the kobold!
You kill the kobold!
No target in view!
No target in view!
No target in view!
No target in view!
No target in view!
No target in view!
No target in view!
No target in view!
No target in view!
No target in view!
No target in view!
No target in view!
Are you sure you want to abandon this character and quit the game? (Confirm with "yes".)

#. #.. #..
##..
#...####
#......
#....)# #.#
#.@# #.#
#.(# ...
#.(## #.#
#))##.####.#
#..# ...#.#
#..#####.#.#
#..........#
#.#####....#
#.####..#..#


There were no monsters in sight!

Vanquished Creatures
  Sigmund (D:3)
  2 adders (D:3)
  3 leopard geckos
  4 bats
  3 giant cockroaches
  7 goblins
  4 hobgoblins
  4 jackals (D:2)
  6 kobolds
  3 quokkas
  A ball python (D:1)
  2 frilled lizards (D:1)
  7 rats
47 creatures vanquished.

Notes
Turn   | Place    | Note
-------+----------+-------------------------------------------
     0 | D:1      | galech the Demonspawn Fighter began the quest for the Orb.
     0 | D:1      | Reached XP level 1. HP: 18/18 MP: 1/1
   308 | D:1      | Gained mutation: You are partially covered in iridescent
                  | scales. (AC +2) [demonic ancestry]
   308 | D:1      | Reached XP level 2. HP: 24/24 MP: 2/2
   590 | D:1      | You fall through a shaft!
   640 | D:2      | Gained mutation: You have sharp toenails. [demonic
                  | ancestry]
   640 | D:2      | Reached XP level 3. HP: 22/29 MP: 3/3
  1351 | D:2      | Found a runed translucent door.
  1352 | D:2      | Noticed Crazy Yiuf
  1719 | D:3      | Noticed Sigmund
  1730 | D:3      | Reached XP level 4. HP: 27/35 MP: 4/4
  1733 | D:3      | Killed Sigmund
  1733 | D:3      | Gained mutation: A weak demonic guardian rushes to your
                  | aid. [demonic ancestry]
  1733 | D:3      | Reached XP level 5. HP: 13/42 MP: 5/5
  1802 | D:3      | Quit the game

Levels and vault maps discovered:
D:1:      dpeg_arrival_solitude, layout_loops_ring
D:2:      layout_rooms, first_ration, uniq_crazy_yiuf_cottage
D:3:      layout_loops_ring, kennysheep_nondescript, amethyst_killhole,
          serial_bayou_pond_c, minmay_shallow_snake_nest, uniq_sigmund

Skill      XL: |  1  2  3  4 |
---------------+-------------+-----
Axes           | 2 3 |  3.7
Shields        | 3 |  3.7
Armour         | 3 |  3.4
Fighting       | |  3.7
Dodging        | |  0.5

Action                   |  1- 3 |  4- 6 || total
-------------------------+-------+-------++-------
Melee: War axe           |   186 |     6 ||   192
       Kick              |    20 |     1 ||    21
  Use: Scroll            |    10 |       ||    10
       Potion            |     1 |     1 ||     2
  Eat: Ration            |     1 |       ||     1
Armor: Chain mail        |   129 |     5 ||   134
       Scale mail        |     3 |       ||     3
Dodge: Dodged            |    28 |       ||    28
Block: Shield            |    99 |     3 ||   102

Table legend:
 A = Non-vault XP
 B = Vault XP
 C = Vault XP percentage of total XP
 D = Non-vault monster count
 E = Vault monster count
 F = Vault count percentage of total count
                 A         B        C        D         E       F
            +---------+---------+-------+---------+---------+-------
      Total |     100 |     231 |  69.8 |      46 |       1 |   2.1
            +---------+---------+-------+---------+---------+-------
        D:1 |      41 |       0 |   0.0 |      25 |       0 |   0.0
        D:2 |      16 |       0 |   0.0 |       8 |       0 |   0.0
        D:3 |      43 |     231 |  84.3 |      13 |       1 |   7.1
            +---------+---------+-------+---------+---------+-------
